3041 views
Uploaded 2020-03-08 13:55:03
Game version 1.32.2
27:05 long 1on1on1on1 ladder game on (8)Sanctuary_LV
Saved by TALONSARIMBA
3041 views
Uploaded 2020-03-08 13:55:03
Game version 1.32.2
27:05 long 1on1on1on1 ladder game on (8)Sanctuary_LV

/ 1k
12 buildings @ 2k
/ 0.8k
| Wisp | 21 | 1260 | / | 0 |
| Archer | 10 | 1300 | / | 100 |
| Huntress | 6 | 1170 | / | 120 |
| Glaive Thrower | 1 | 210 | / | 65 |
| Dryad | 5 | 725 | / | 300 |
| Druid of the Claw | 3 | 765 | / | 240 |
| Mountain Giant | 1 | 350 | / | 100 |
| Druid of the Talon | 1 | 145 | / | 20 |
| Faerie Dragon | 1 | 155 | / | 25 |
| Hippogryph | 1 | 160 | / | 20 |
| total: | 50 | 6240g | / | 990w |
| Ancient Protector | 1 | 135 | / | 80 |
| Ancient of War | 1 | 150 | / | 60 |
| Moon Well | 5 | 900 | / | 200 |
| Hunter's Hall | 1 | 210 | / | 100 |
| Ancient of Wonders | 1 | 90 | / | 30 |
| Altar of Elders | 1 | 180 | / | 50 |
| Ancient of Lore | 1 | 155 | / | 145 |
| Ancient of Wind | 1 | 150 | / | 140 |
| Tree of Ages | 1 | 320 | / | 180 |
| total: | 12 | 1970g | / | 805w |
| 0:05 | Wisp |
| 0:05 | Wisp |
| 0:05 | Wisp |
| 0:08 | Wisp |
| 0:08 | Wisp |
| 0:09 | Wisp |
| 1:40 | Wisp |
| 1:40 | Wisp |
| 2:15 | Wisp |
| 2:24 | Wisp |
| 2:39 | Ancient of War |
| 2:47 | Moon Well |
| 2:50 | Wisp |
| 3:42 | Moon Well |
| 3:47 | Archer |
| 4:14 | Archer |
| 4:20 | Tree of Ages |
| 4:48 | Hunter's Hall |
| 5:20 | Archer |
| 6:03 | Ancient of Wonders |
| 6:07 | Huntress |
| 6:08 | Huntress |
| 6:10 | Huntress |
| 6:37 | Strength of the Moon |
| 7:18 | Improved Bows |
| 8:02 | Wisp |
| 8:18 | Improved Strength of the Moon |
| 8:31 | Ancient of Lore |
| 9:40 | Moon Armor |
| 9:43 | Wisp |
| 9:43 | Wisp |
| 9:44 | Wisp |
| 9:45 | Wisp |
| 9:45 | Wisp |
| 9:46 | Wisp |
| 11:03 | Archer |
| 11:03 | Huntress |
| 11:03 | Glaive Thrower |
| 11:05 | Dryad |
| 11:05 | Druid of the Claw |
| 11:06 | Mountain Giant |
| 11:16 | Archer |
| 11:17 | Archer |
| 11:18 | Dryad |
| 11:20 | Druid of the Claw |
| 11:44 | Ancient Protector |
| 12:02 | Improved Moon Armor |
| 12:51 | Wisp |
| 13:11 | Moon Well |
| 13:32 | Ultravision |
| 13:52 | Wisp |
| 14:12 | Moon Well |
| 14:31 | Strength of the Wild |
| 14:51 | Druid of the Claw Adept Training |
| 15:26 | Ancient of Wind |
| 15:36 | Moon Well |
| 15:41 | Improved Strength of the Wild |
| 15:44 | Abolish Magic |
| 15:46 | Moon Glaive |
| 16:59 | Druid of the Talon Adept Training |
| 17:28 | Wisp |
| 18:17 | Altar of Elders |
| 18:24 | Druid of the Talon |
| 18:26 | Faerie Dragon |
| 18:27 | Hippogryph |
| 18:35 | Reinforced Hides |
| 20:05 | Dryad |
| 20:05 | Dryad |
| 20:07 | Druid of the Claw |
| 20:09 | Archer |
| 20:10 | Archer |
| 20:10 | Huntress |
| 20:10 | Huntress |
| 21:26 | Dryad |
| 21:28 | Archer |
| 21:28 | Archer |
| Select | 273 |
| Right click | 176 |
| Build/train/purchase | 73 |
| Remove unit | 9 |
| Assign group | 3 |
| Select group | 2 |
| Esc | 2 |
| Misc. action | 1 |
| Use ability | 1 |
49 units @ 5k
/ 0.9k
26 buildings @ 4.5k
/ 2.1k



| Lesser Clarity Potion | 1 | 70 |
| Moonstone | 1 | 50 |
| Orb of Venom | 1 | 325 |
| Staff of Preservation | 1 | 150 |
| Scroll of Town Portal | 2 | 700 |
| total: | 6 | 1295g |
| Wisp | 29 | 1740 | / | 0 |
| Archer | 4 | 520 | / | 40 |
| Dryad | 11 | 1595 | / | 660 |
| Huntress | 4 | 780 | / | 80 |
| Mountain Giant | 1 | 350 | / | 100 |
| total: | 49 | 4985g | / | 880w |
| Altar of Elders | 2 | 360 | / | 100 |
| Moon Well | 13 | 2340 | / | 520 |
| Ancient of War | 2 | 300 | / | 120 |
| Ancient of Wonders | 1 | 90 | / | 30 |
| Tree of Life | 1 | 340 | / | 185 |
| Hunter's Hall | 1 | 210 | / | 100 |
| Ancient of Lore | 2 | 310 | / | 290 |
| Chimaera Roost | 4 | 560 | / | 760 |
| Tree of Ages | 1 | 320 | / | 180 |
| Tree of Eternity | 1 | 330 | / | 200 |
| total: | 26 | 4510g | / | 2105w |
| 0:04 | Altar of Elders |
| 0:04 | Wisp |
| 0:10 | Moon Well |
| 0:14 | Wisp |
| 0:28 | Ancient of War |
| 0:32 | Wisp |
| 0:43 | Wisp |
| 0:51 | Wisp |
| 0:56 | Wisp |
| 1:14 | Wisp |
| 1:28 | Archer |
| 1:31 | Moon Well |
| 1:37 | Wisp |
| 1:42 | Wisp |
| 2:04 | Ancient of Wonders |
| 2:05 | Wisp |
| 2:28 | Fan of Knives |
| 2:32 | Wisp |
| 2:32 | Wisp |
| 3:08 | Tree of Ages |
| 3:11 | Ancient of War |
| 3:15 | Shadow Strike |
| 3:28 | Tree of Life |
| 3:51 | Hunter's Hall |
| 4:05 | Moon Well |
| 4:08 | Moon Well |
| 4:19 | Archer |
| 4:23 | Lesser Clarity Potion |
| 4:39 | Archer |
| 5:00 | Ultravision |
| 5:35 | Wisp |
| 5:35 | Wisp |
| 5:46 | Wisp |
| 5:46 | Wisp |
| 5:49 | Wisp |
| 5:51 | Fan of Knives |
| 6:43 | Tree of Eternity |
| 6:45 | Ancient of Lore |
| 6:47 | Ancient of Lore |
| 6:50 | Wisp |
| 6:50 | Wisp |
| 6:51 | Wisp |
| 6:56 | Entangling Roots |
| 7:19 | Strength of the Wild |
| 7:32 | Moon Well |
| 7:34 | Moon Well |
| 7:34 | Moon Well |
| 7:35 | Moon Well |
| 8:03 | Dryad |
| 8:04 | Dryad |
| 8:20 | Reinforced Hides |
| 8:29 | Shadow Strike |
| 8:37 | Thorns Aura |
| 8:54 | Huntress |
| 9:19 | Dryad |
| 9:39 | Dryad |
| 9:41 | Huntress |
| 10:05 | Dryad |
| 10:17 | Huntress |
| 10:17 | Huntress |
| 10:18 | Dryad |
| 10:22 | Moonstone |
| 10:58 | Dryad |
| 11:08 | Entangling Roots |
| 11:17 | Scroll of Town Portal |
| 11:20 | Orb of Venom |
| 11:22 | Scroll of Town Portal |
| 11:22 | Staff of Preservation |
| 11:27 | Dryad |
| 11:30 | Moon Well |
| 11:31 | Moon Well |
| 11:34 | Wisp |
| 11:34 | Wisp |
| 11:37 | Well Spring |
| 11:42 | Abolish Magic |
| 12:29 | Improved Strength of the Wild |
| 12:41 | Wisp |
| 12:41 | Wisp |
| 12:41 | Wisp |
| 13:39 | Dryad |
| 13:43 | Hardened Skin |
| 13:45 | Improved Reinforced Hides |
| 14:32 | Fan of Knives |
| 14:38 | Trueshot Aura |
| 15:10 | Thorns Aura |
| 15:14 | Mountain Giant |
| 15:41 | Advanced Strength of the Wild |
| 16:32 | Advanced Reinforced Hides |
| 17:22 | Searing Arrows |
| 17:34 | Dryad |
| 17:36 | Chimaera Roost |
| 17:37 | Chimaera Roost |
| 17:59 | Spirit of Vengeance |
| 18:50 | Dryad |
| 18:51 | Archer |
| 19:27 | Altar of Elders |
| 19:29 | Moon Well |
| 19:30 | Moon Well |
| 20:25 | Wisp |
| 20:25 | Wisp |
| 20:25 | Wisp |
| 20:25 | Wisp |
| 20:28 | Moon Well |
| 20:32 | Chimaera Roost |
| 20:43 | Chimaera Roost |
| Right click | 792 |
| Select | 409 |
| Build/train/purchase | 114 |
| Use ability | 47 |
| Chat | 30 |
| Item give/drop | 15 |
30 units @ 4.2k
/ 0.5k
15 buildings @ 2.9k
/ 1.2k



| Healing Salve | 2 | 200 |
| Lesser Clarity Potion | 2 | 140 |
| Tiny Great Hall | 1 | 600 |
| Scroll of Town Portal | 1 | 350 |
| Boots of Speed | 2 | 500 |
| Circlet of Nobility | 1 | 175 |
| total: | 9 | 1965g |
| Peon | 15 | 1125 | / | 0 |
| Grunt | 1 | 200 | / | 0 |
| Wind Rider | 4 | 1060 | / | 160 |
| Shaman | 5 | 650 | / | 100 |
| Raider | 3 | 540 | / | 120 |
| Kodo Beast | 1 | 255 | / | 60 |
| Goblin Shredder | 1 | 375 | / | 100 |
| total: | 30 | 4205g | / | 540w |
| Altar of Storms | 1 | 180 | / | 50 |
| Orc Burrow | 6 | 960 | / | 240 |
| Barracks | 1 | 180 | / | 50 |
| Voodoo Lounge | 1 | 130 | / | 30 |
| War Mill | 1 | 205 | / | 0 |
| Great Hall | 2 | 770 | / | 370 |
| Beastiary | 2 | 290 | / | 280 |
| Spirit Lodge | 1 | 150 | / | 150 |
| Stronghold | 1 | 315 | / | 190 |
| Fortress | 1 | 325 | / | 190 |
| total: | 15 | 2865g | / | 1170w |
| 0:05 | Altar of Storms |
| 0:07 | Orc Burrow |
| 0:08 | Peon |
| 0:25 | Barracks |
| 0:38 | Peon |
| 0:54 | Peon |
| 1:04 | Peon |
| 1:26 | Grunt |
| 1:33 | Voodoo Lounge |
| 2:00 | Peon |
| 2:17 | Peon |
| 2:22 | Peon |
| 2:34 | Wind Walk |
| 2:49 | Stronghold |
| 3:00 | Orc Burrow |
| 3:06 | Healing Salve |
| 3:08 | War Mill |
| 3:48 | Orc Burrow |
| 3:55 | Critical Strike |
| 4:17 | Orc Burrow |
| 4:20 | Boots of Speed |
| 4:20 | Circlet of Nobility |
| 5:34 | Beastiary |
| 5:37 | Beastiary |
| 6:16 | Critical Strike |
| 6:23 | Hex |
| 6:26 | Fortress |
| 6:50 | Healing Salve |
| 6:53 | Wind Rider |
| 7:06 | Reinforced Defenses |
| 7:37 | Goblin Shredder |
| 8:04 | Healing Wave |
| 8:31 | Wind Rider |
| 9:05 | Lesser Clarity Potion |
| 9:08 | Tiny Great Hall |
| 9:27 | Envenomed Spears |
| 9:50 | Wind Rider |
| 9:59 | Wind Walk |
| 10:06 | Hex |
| 10:20 | Wind Walk |
| 10:21 | Peon |
| 10:21 | Peon |
| 10:21 | Peon |
| 10:22 | Peon |
| 10:33 | Spirit Lodge |
| 10:36 | Lesser Clarity Potion |
| 11:59 | Shaman Adept Training |
| 12:23 | Steel Ranged Weapons |
| 12:41 | War Stomp |
| 12:48 | Great Hall |
| 13:10 | Healing Wave |
| 13:24 | Thorium Ranged Weapons |
| 13:42 | Endurance Aura |
| 13:56 | Wind Rider |
| 13:58 | Shaman Master Training |
| 14:01 | Critical Strike |
| 14:35 | Boots of Speed |
| 15:22 | War Stomp |
| 15:28 | Arcanite Ranged Weapons |
| 15:33 | Orc Burrow |
| 15:36 | Orc Burrow |
| 16:07 | Peon |
| 16:07 | Peon |
| 16:07 | Peon |
| 16:07 | Peon |
| 16:14 | Scroll of Town Portal |
| 16:24 | Spiked Barricades |
| 17:00 | Steel Armor |
| 17:24 | Shaman |
| 17:24 | Shaman |
| 17:31 | Hex |
| 20:26 | Bladestorm |
| 20:28 | Thorium Armor |
| 20:41 | Big Bad Voodoo |
| 20:53 | War Stomp |
| 21:58 | Shaman |
| 22:06 | Endurance Aura |
| 22:58 | Arcanite Armor |
| 23:17 | Great Hall |
| 23:49 | Raider |
| 23:49 | Raider |
| 24:13 | Kodo Beast |
| 24:25 | Steel Melee Weapons |
| 25:01 | Wind Walk |
| 25:10 | Healing Wave |
| 26:01 | Ensnare |
| 26:24 | Reincarnation |
| 26:38 | Raider |
| 26:58 | Shaman |
| 26:58 | Shaman |
| Right click | 1638 |
| Select | 896 |
| Select group | 612 |
| Misc. action | 291 |
| Build/train/purchase | 141 |
| Use ability | 44 |
| Assign group | 17 |
| Item give/drop | 16 |
47 units @ 6.9k
/ 1k
42 buildings @ 5.7k
/ 3.3k



| Lesser Clarity Potion | 5 | 350 |
| Healing Salve | 6 | 600 |
| Potion of Mana | 3 | 600 |
| Potion of Healing | 3 | 450 |
| Orb of Lightning | 1 | 375 |
| Tiny Great Hall | 1 | 600 |
| Scroll of Town Portal | 3 | 1050 |
| Potion of Invisibility | 1 | 100 |
| total: | 23 | 4125g |
| Peon | 18 | 1350 | / | 0 |
| Grunt | 3 | 600 | / | 0 |
| Troll Headhunter | 9 | 1260 | / | 180 |
| Shaman | 1 | 130 | / | 20 |
| Raider | 6 | 1080 | / | 240 |
| Wind Rider | 3 | 795 | / | 120 |
| Troll Berserker | 2 | 280 | / | 40 |
| Troll Batrider | 2 | 320 | / | 80 |
| Goblin Shredder | 3 | 1125 | / | 300 |
| total: | 47 | 6940g | / | 980w |
| Watch Tower | 24 | 2640 | / | 1920 |
| Altar of Storms | 1 | 180 | / | 50 |
| Orc Burrow | 8 | 1280 | / | 320 |
| Barracks | 1 | 180 | / | 50 |
| Voodoo Lounge | 1 | 130 | / | 30 |
| War Mill | 1 | 205 | / | 0 |
| Great Hall | 1 | 385 | / | 185 |
| Spirit Lodge | 2 | 300 | / | 300 |
| Beastiary | 3 | 435 | / | 420 |
| Stronghold | 1 | 315 | / | 190 |
| Fortress | 1 | 325 | / | 190 |
| total: | 42 | 5735g | / | 3275w |
| 0:03 | Peon |
| 0:09 | Altar of Storms |
| 0:18 | Peon |
| 0:19 | Orc Burrow |
| 0:29 | Peon |
| 0:35 | Barracks |
| 0:48 | Peon |
| 1:00 | Peon |
| 1:17 | Peon |
| 1:28 | Orc Burrow |
| 1:36 | Grunt |
| 1:44 | Peon |
| 2:00 | Voodoo Lounge |
| 2:08 | Feral Spirit |
| 2:21 | Grunt |
| 2:50 | Stronghold |
| 3:09 | War Mill |
| 3:33 | Grunt |
| 3:44 | Orc Burrow |
| 3:49 | Chain Lighting |
| 4:44 | Troll Headhunter |
| 4:44 | Troll Headhunter |
| 4:58 | Steel Armor |
| 5:08 | Lesser Clarity Potion |
| 5:10 | Healing Salve |
| 5:10 | Healing Salve |
| 5:40 | Feral Spirit |
| 5:54 | Great Hall |
| 6:13 | Troll Headhunter |
| 6:15 | War Stomp |
| 6:20 | Healing Salve |
| 6:21 | Lesser Clarity Potion |
| 6:34 | Spirit Lodge |
| 6:48 | Orc Burrow |
| 7:14 | Troll Headhunter |
| 7:16 | Berserker Strength |
| 7:18 | Orc Burrow |
| 7:40 | Endurance Aura |
| 7:56 | Shaman |
| 7:56 | Shaman Adept Training |
| 7:57 | Witch Doctor Adept Training |
| 8:01 | Goblin Shredder |
| 8:21 | Chain Lighting |
| 9:06 | Troll Headhunter |
| 9:42 | Troll Headhunter |
| 9:46 | Fortress |
| 9:56 | Troll Headhunter |
| 9:56 | Troll Headhunter |
| 10:22 | Endurance Aura |
| 10:57 | Troll Headhunter |
| 11:16 | Beastiary |
| 11:18 | Steel Ranged Weapons |
| 11:22 | Beastiary |
| 11:28 | Scroll of Town Portal |
| 11:28 | Lesser Clarity Potion |
| 11:30 | Healing Salve |
| 11:36 | Potion of Mana |
| 11:37 | Potion of Healing |
| 11:44 | Beastiary |
| 11:47 | Orc Burrow |
| 11:55 | Spirit Lodge |
| 12:10 | Shaman Master Training |
| 12:10 | Witch Doctor Master Training |
| 12:11 | Berserker Upgrade |
| 12:35 | Raider |
| 12:35 | Ensnare |
| 12:40 | Lesser Clarity Potion |
| 12:42 | Orb of Lightning |
| 12:50 | Reinforced Defenses |
| 13:23 | Feral Spirit |
| 13:30 | Healing Wave |
| 13:34 | Wind Rider |
| 13:46 | Lesser Clarity Potion |
| 13:48 | Troll Berserker |
| 13:50 | Thorium Ranged Weapons |
| 13:59 | Watch Tower |
| 14:19 | Potion of Healing |
| 14:19 | Potion of Healing |
| 15:19 | Potion of Mana |
| 15:23 | Troll Berserker |
| 15:25 | Envenomed Spears |
| 15:27 | Wind Rider |
| 15:43 | Watch Tower |
| 15:48 | Watch Tower |
| 15:51 | Watch Tower |
| 15:55 | Watch Tower |
| 16:40 | Raider |
| 17:08 | Potion of Mana |
| 17:12 | Scroll of Town Portal |
| 17:32 | Watch Tower |
| 17:36 | Watch Tower |
| 17:40 | Watch Tower |
| 17:55 | Peon |
| 18:18 | Peon |
| 18:18 | Peon |
| 18:42 | Potion of Invisibility |
| 18:45 | Peon |
| 19:11 | Peon |
| 19:11 | Peon |
| 19:22 | Pillage |
| 19:25 | Raider |
| 19:49 | Goblin Shredder |
| 19:57 | Watch Tower |
| 20:40 | Tiny Great Hall |
| 20:55 | Raider |
| 21:17 | Peon |
| 21:17 | Peon |
| 21:32 | Raider |
| 21:35 | Raider |
| 21:41 | Steel Melee Weapons |
| 21:54 | Orc Burrow |
| 21:57 | Goblin Shredder |
| 22:08 | Scroll of Town Portal |
| 22:33 | Orc Burrow |
| 22:36 | Watch Tower |
| 22:37 | Watch Tower |
| 22:39 | Watch Tower |
| 22:40 | Watch Tower |
| 22:43 | Peon |
| 22:44 | Peon |
| 22:44 | Peon |
| 23:02 | Troll Batrider |
| 23:02 | Troll Batrider |
| 23:11 | Watch Tower |
| 23:23 | Watch Tower |
| 23:28 | Watch Tower |
| 23:35 | Liquid Fire |
| 24:12 | Watch Tower |
| 24:28 | Watch Tower |
| 24:29 | Watch Tower |
| 24:30 | Watch Tower |
| 24:34 | Watch Tower |
| 25:18 | Watch Tower |
| 25:19 | Watch Tower |
| 25:20 | Watch Tower |
| 25:24 | Wind Rider |
| 26:00 | Healing Salve |
| 26:00 | Healing Salve |
| Right click | 1026 |
| Select | 550 |
| Select group | 368 |
| Build/train/purchase | 173 |
| Chat | 101 |
| Misc. action | 82 |
| Use ability | 56 |
| Assign group | 52 |
| Item give/drop | 11 |